[Event "1st Bangalore GM-Open-A 2024"]
[Site "Bangalore"]
[Date "2024.01.20"]
[Round "4.5"]
[White "Laxman, R.R."]
[Black "Gupta, Abhijeet"]
[Result "0-1"]
[ECO "E60"]
[WhiteElo "2338"]
[BlackElo "2605"]
[Annotator "TA"]
[PlyCount "130"]
[EventDate "2024.01.20"]
[EventType "swiss"]
[EventCountry "IND"]
[SourceTitle "playchess.com"]
[Source "ChessBase"]
[SourceQuality "1"]
[TimeControl "5400+30"]

1. Nf3 Nf6 2. b3 g6 3. Bb2 Bg7 4. g3 d6 5. d4 O-O 6. Bg2 c5 7. c4 d5 8. O-O Nc6 9. cxd5 Nxd5 10. Qd2 {[%emt 0:00:28] E60: King's Indian: Unusual lines and Fianchetto Variation without Nc3.} cxd4 11. Nxd4 Nxd4 12. Bxd4 {[%emt 0:00:04] The position is equal.} Nf4 13. Bxg7 Qxd2 {[%emt 0:00:04][%mdl 64] Remove Defender} 14. Nxd2 Nxe2+ (14... Kxg7 $2 15. gxf4 Rd8 16. Rfd1 $18) 15. Kh1 Kxg7 16. Rfe1 Nd4 {[%emt 0:00:04] Hoping for ...Nc2.} 17. Rxe7 Rd8 {[%emt 0:00:28] aiming for ...Nc2.} 18. Nc4 (18. Bxb7 Bxb7+ 19. Rxb7 Nc2 $17) 18... Kf8 19. Re5 ({Much worse is} 19. Bxb7 Rb8 20. Bxc8 Kxe7 $17) 19... Rb8 {[%emt 0:05:33] [#]} 20. h3 $146 ({Predecessor:} 20. Rc1 Be6 21. h4 b6 22. Ree1 Rbc8 23. Ne3 h6 24. Bb7 Rxc1 25. Rxc1 Ke7 26. Kg2 {½-½ Bodi,T (2324)-Wu,D (2281) Budapest FS08 GM 2022 (4)}) 20... Be6 21. Ne3 b6 22. Rd1 Rd6 23. Nc2 (23. Bd5 $5 f6 24. Re4 Bxd5 25. Nxd5 $11) 23... Rbd8 24. Nxd4 Rxd4 25. Rxd4 Rxd4 $15 {[%emt 0:00:05][%mdl 4096] Endgame KRB-KRB} 26. Re2 $1 a5 27. h4 a4 28. bxa4 $1 Rxa4 29. Rb2 $1 Rxa2 {[%emt 0:00:07] Black is more active.} ({But not} 29... Bxa2 30. Rxb6 Be6 31. Kh2 $11) 30. Rxb6 Rxf2 31. Kg1 Ra2 32. Rb4 Ke7 33. Rf4 f5 34. Rf2 Ra4 35. Rf4 Ra5 36. Rf2 Kf6 37. Bf3 Bc4 38. Rc2 Ra4 39. Kf2 Ke5 40. Rb2 f4 41. gxf4+ Kxf4 42. Bd1 Ra2 43. Rxa2 Bxa2 {[%emt 0:00:04] KB-KB} 44. Bf3 Bb1 45. Be2 Be4 46. Bd1 $1 Bd3 47. Bf3 Bf5 48. Be2 Bg4 49. Bc4 Bd1 {[%emt 0:01:06] ( -> ...Kg4)} 50. Be6 {[%emt 0:05:01][%mdl 8192] Black converts the advantage convincingly.} (50. Bg8 $15) 50... Bc2 51. h5 {[%emt 0:00:05] [#]} g5 $1 52. h6 Bf5 53. Bd5 Be4 54. Be6 Bf5 $2 (54... g4 {mates} 55. Bd7 g3+ 56. Kf1 Kg5 57. Bh3 Kxh6 58. Bg2 Bd3+ 59. Ke1 Kg5 60. Bh1 Kf4 61. Bg2 Bf5 62. Kd2 h5 63. Kd1 Bg4+ 64. Kd2 h4 65. Ke1 h3 66. Bc6 Bf3 67. Bxf3 Kxf3 68. Kd1 g2 69. Kc2 h2 70. Kc3 g1=Q 71. Kb3 h1=Q 72. Kc4 Qb6 73. Kd5 Ke3+ 74. Ke5 Qh5#) 55. Bc4 $2 (55. Bd5 $11 Kg4 56. Bf3+ Kh3 57. Kg1) 55... Kg4 {[%emt 0:00:18] Black mates.} 56. Be2+ {[%emt 0:01:33] [#]} Kh3 $1 57. Kg1 Kg3 58. Bf1 Kf3 59. Bc4 Be4 60. Bf1 Kg4 61. Be2+ Kf5 62. Bh5 g4 63. Kf2 Kg5 64. Be8 Kxh6 65. Ke3 Bg6 {[%emt 0:00:11] Weighted Error Value: White=0.26 (precise) /Black=0.13 (very precise)} 0-1

[Event "1st Bangalore GM-Open-A 2024"]
[Site "Bangalore"]
[Date "2024.01.20"]
[Round "4.6"]
[White "Sethuraman, S.P."]
[Black "Kushagra Mohan"]
[Result "1-0"]
[ECO "D35"]
[WhiteElo "2594"]
[BlackElo "2374"]
[Annotator "TA"]
[PlyCount "53"]
[EventDate "2024.01.20"]
[EventType "swiss"]
[EventCountry "IND"]
[SourceTitle "playchess.com"]
[Source "ChessBase"]
[SourceQuality "1"]
[TimeControl "5400+30"]

1. d4 Nf6 2. c4 e6 3. Nc3 d5 4. cxd5 exd5 5. Bg5 Bb4 6. e3 h6 7. Bh4 g5 {[%emt 0:00:05] D35: Queen's Gambit Declined: Exchange Variation.} 8. Bg3 Ne4 9. Nge2 h5 {[%emt 0:00:06] White is slightly better.} 10. h3 (10. Qb3 $14 Nc6 11. f3 Nxg3 12. hxg3) 10... Nc6 (10... Bxc3+ $11 11. Nxc3 Nxg3 12. fxg3 Qd6) 11. Bh2 $1 $14 {[%emt 0:05:29] [#]} Be6 $146 ({Predecessor:} 11... g4 12. Bf4 gxh3 13. Rc1 Be6 14. a3 Nxc3 15. Nxc3 Bd6 16. Qf3 Bxf4 17. Qxf4 hxg2 18. Bxg2 {½-½ Bluebaum,M (2670)-Shevchenko,K (2665) EU-chT 24th Budva 2023 (6.3)}) 12. a3 ({Much worse is} 12. f3 Nxc3 13. Nxc3 a6 $11) ({White should play} 12. Rc1 $14) 12... Nxc3 (12... Qf6 $1 $11 13. Bg1 Nxc3 14. Nxc3 Bxc3+ 15. bxc3 O-O-O) 13. Nxc3 Bd6 14. Bxd6 Qxd6 15. Rc1 $1 f5 16. Be2 h4 {[%emt 0:02:59] [#]} ({Black should try} 16... a6) 17. Qb3 $1 $16 O-O 18. Qxb7 {[%emt 0:02:39] Nb5 would be deadly.} Rab8 {[%emt 0:00:04] [#]} 19. Qa6 {[%emt 0:06:53] White is more active.} ({But not} 19. Nb5 Rxb7 20. Nxd6 cxd6 $16) 19... Rxb2 (19... Bc8 $16 20. Qd3 Ne7) 20. Na4 $18 Rxe2+ $2 (20... Rb6 21. Nxb6 axb6) 21. Qxe2 Bd7 22. Nc5 {[%emt 0:03:03] White is clearly winning.} Be8 23. O-O Ne7 24. f4 gxf4 25. exf4 ({Don't do} 25. Rxf4 Ng6 26. Rf2 Nh8 $18) 25... Bf7 26. Qe5 Qxe5 27. fxe5 {[%emt 0:00:39] Weighted Error Value: White=0.10 (very precise) /Black=0.46} 1-0

[Event "1st Bangalore GM-Open-A 2024"]
[Site "Bangalore"]
[Date "2024.01.20"]
[Round "4.7"]
[White "Thejkumar, M. S."]
[Black "Aronyak Ghosh"]
[Result "0-1"]
[ECO "E16"]
[WhiteElo "2372"]
[BlackElo "2541"]
[Annotator "TA"]
[PlyCount "112"]
[EventDate "2024.01.20"]
[EventType "swiss"]
[EventCountry "IND"]
[SourceTitle "playchess.com"]
[Source "ChessBase"]
[SourceQuality "1"]
[TimeControl "5400+30"]

1. d4 Nf6 2. c4 e6 3. Nf3 b6 4. g3 Bb7 5. Bg2 Bb4+ 6. Bd2 c5 {[%emt 0:00:55] 6...a5 gains popularity.} 7. d5 {[%emt 0:05:10] E16: Queen's Indian: 4 g3 Bb7 5 Bg2 Bb4+.} exd5 8. Nh4 Qc7 9. O-O {[%emt 0:21:10] White is slightly better.} Bxd2 (9... dxc4 $2 10. Bf4 d6 11. Bxd6 $16) 10. Qxd2 {[%emt 0:03:40] [#] Strongly threatening Qg5.} d4 $146 ({Predecessor:} 10... Qe5 11. Nc3 Ne4 12. Qc2 Nxc3 13. bxc3 O-O 14. Rad1 Re8 15. Nf5 Na6 16. cxd5 g6 {½-½ Gareyev,T (2658)-Onischuk,A (2666) Washington op 1st 2012 (8)}) 11. Bxb7 Qxb7 12. Nf5 Kf8 13. Qf4 (13. Qg5 $14 Rg8 14. e3) 13... Nc6 14. Nd2 (14. e3 $14) 14... Ne7 15. Nd6 Qc6 16. N2e4 Ng6 17. Qf5 Ke7 {[%emt 0:05:11] With the idea ...Nxe4.} 18. e3 $1 {[%emt 0:04:53] Hoping for exd4.} Nxe4 (18... d3 {feels hotter.} 19. Rad1 Nxe4 20. Nxe4 Qe6) 19. Nxe4 {[%emt 0:00:06] And now exd4 would win.} Qe6 20. Qf3 {[%emt 0:00:47] exd4 is the strong threat.} Ne5 $36 {[%emt 0:00:55][%mdl 2048] Black has some pressure.} (20... Qxc4 $2 21. exd4 Qxd4 22. Rad1 $18) 21. Qg2 (21. Qf4 $1 $11 {keeps the balance.}) 21... d3 {[%emt 0:02:25] Black is more active.} ({Much weaker is} 21... Nxc4 22. exd4 Rhe8 23. Nxc5 $11) ({Black should try} 21... dxe3 $17 22. Rae1 exf2+ 23. Nxf2 f6) 22. Nc3 (22. b3 $11 {was preferrable.}) 22... Qxc4 $15 23. f4 Nc6 24. Rfd1 Rhe8 {[%emt 0:02:13] aiming for ...Nb4.} 25. Rac1 {[%emt 0:01:11] Threatens to win with Nd5+.} Kf8 26. Nd5 Qe4 27. Qxe4 Rxe4 28. Rxd3 Nb4 29. Nxb4 Rxb4 $17 {[%emt 0:00:01][%mdl 4096] Endgame KRR-KRR} 30. b3 Ke7 31. Rcd1 Rd8 32. Kf2 Re4 ({Black should play} 32... d6 $17) 33. Kf3 $11 Re6 34. e4 Rc6 35. g4 c4 36. bxc4 Rxc4 37. R1d2 {[%emt 0:00:34] Prevents Rc2.} h6 38. h4 Rc7 (38... d5 $5 39. exd5 Kd6 $15) 39. f5 d6 40. Kf4 Rc1 41. g5 Rf1+ 42. Kg4 Rg1+ 43. Kf4 h5 44. Kf3 Rg4 45. e5 Rxh4 46. Rxd6 Rxd6 47. Rxd6 $17 {[%emt 0:00:16] [#] KR-KR} Rg4 $1 48. f6+ Ke8 49. Rc6 {[%emt 0:01:49] This move loses the game for White.} (49. fxg7 $17 {is the only way for White.} Rxg5 50. Rh6 Rxg7 51. Rxh5) 49... Rxg5 $19 50. fxg7 Rxg7 (50... Rxe5 {gets mated.} 51. g8=Q+ (51. g8=B Ra5 $14) 51... Ke7 52. Rc7+ Kf6 53. Qxf7+ Kg5 54. Qf4+ Kg6 55. Qxe5 h4 56. Rg7+ Kh6 57. Qg5#) 51. Rc7 a5 52. e6 Kf8 53. Rb7 $2 (53. Rc6 Rg6 54. Rc8+ Ke7 55. exf7 Kxf7 56. Rc7+ Kg8 57. Rc8+ Kg7 58. Rd8) 53... fxe6 54. Rxb6 Ke7 55. Rb5 Rf7+ 56. Ke4 {[%emt 0:01:24] [#]} Rf5 $1 {[%emt 0:00:04] Weighted Error Value: White=0.23 (precise) /Black=0.10 (very precise)} 0-1

[Event "1st Bangalore GM-Open-A 2024"]
[Site "Bangalore"]
[Date "2024.01.20"]
[Round "4.8"]
[White "Ram Aravind L N"]
[Black "Iniyan, Pa"]
[Result "0-1"]
[ECO "B94"]
[WhiteElo "2332"]
[BlackElo "2515"]
[Annotator "TA"]
[PlyCount "92"]
[EventDate "2024.01.20"]
[EventType "swiss"]
[EventCountry "IND"]
[SourceTitle "playchess.com"]
[Source "ChessBase"]
[SourceQuality "1"]
[TimeControl "5400+30"]

1. e4 c5 2. Nf3 d6 3. d4 cxd4 4. Nxd4 Nf6 5. Nc3 a6 6. Bg5 Nbd7 7. Bc4 {[%emt 0:00:52] 7.a3 is the recent fashion.} Qb6 {[%emt 0:00:13] B94: Sicilian Najdorf: 6 Bg5 Nbd7.} 8. Bb3 e6 $1 9. Qd2 Be7 {[%emt 0:00:11] The position is equal.} 10. O-O-O Nc5 11. Rhe1 h6 12. Bh4 O-O 13. Bg3 Rd8 {[%emt 0:08:15] [#]} 14. Qe2 $146 ({Predecessor:} 14. f4 a5 15. a3 e5 16. Nf5 Bxf5 17. exf5 Nxb3+ 18. cxb3 Rac8 19. Kb1 Qxb3 20. Bh4 {0-1 Sai,V (2219)-Iniyan,P (2507) IND-ch 59th New Delhi 2022 (2)}) 14... Qa5 15. Kb1 Bd7 16. f4 b5 {[%emt 0:16:56] [#] Strongly threatening ...b4.} 17. e5 dxe5 18. fxe5 Nh7 19. Ne4 Nxe4 20. Qxe4 Qb6 21. Rf1 Be8 ({Much less strong is} 21... Ng5 22. Qf4 Be8 23. h4 $14) 22. Bf4 (22. Bf2 $11) 22... a5 {[%emt 0:02:11] Hoping for ...a4.} ({Of course not} 22... Ng5 $6 23. Qe3 $15) 23. c3 b4 {[%emt 0:00:13] White must now prevent ...bxc3.} 24. Bc2 (24. Be3 $15 bxc3 25. Nxe6 {[%mdl 64] Discovered Attack} (25. bxc3 $2 {perishes.} Rab8 $19)) 24... Nf8 $17 25. c4 {[%emt 0:06:23] [#]} Rac8 (25... a4 $142 $1 26. Be3 Bc5) 26. Be3 Rxc4 27. Bb3 Rc5 {[%emt 0:00:07] And now ...a4 would win.} 28. Nf3 Qc6 29. Qxc6 Rxd1+ 30. Rxd1 Rxc6 31. Ba4 Rc8 32. Bxe8 Rxe8 33. b3 Ra8 34. Nd4 Bc5 35. Nc2 Bxe3 36. Nxe3 {[%emt 0:00:02][%mdl 4096] Endgame KRN-KRN} Ng6 37. Nc4 Nf4 38. Rd7 (38. Rd2 $17) 38... Nxg2 $19 39. Nd6 Rf8 40. Re7 (40. Ra7 $142) 40... Ne3 41. Ra7 f5 42. Rxa5 $2 (42. exf6 Rxf6 43. a4) 42... f4 {[%emt 0:00:15] Threatens to win with ...f3. Black is clearly winning.} 43. Ne4 f3 44. Nf2 Rc8 {[%emt 0:00:34] ...Rc2 is the strong threat.} 45. Ne4 Rd8 46. Rc5 Rd4 {[%emt 0:00:37] Weighted Error Value: White=0.36/Black=0.05 (flawless)} 0-1

[Event "1st Bangalore GM-Open-A 2024"]
[Site "Bangalore"]
[Date "2024.01.20"]
[Round "4.9"]
[White "Neelotpal, Das"]
[Black "Chanda, Sandipan"]
[Result "1/2-1/2"]
[ECO "A87"]
[WhiteElo "2329"]
[BlackElo "2486"]
[Annotator "RC"]
[PlyCount "268"]
[EventDate "2024.01.20"]
[EventType "swiss"]
[EventCountry "IND"]
[SourceTitle "playchess.com"]
[Source "ChessBase"]
[SourceQuality "1"]
[TimeControl "5400+30"]

1. d4 f5 2. Nf3 Nf6 3. c4 g6 4. g3 Bg7 5. Bg2 O-O 6. O-O e6 7. Nc3 d5 8. Bf4 c6 9. Qc1 Re8 10. Rd1 Nbd7 11. Rb1 a6 12. b4 Nb6 13. Ne5 Nxc4 14. Nxc4 dxc4 15. a4 Nd5 16. a5 Nxf4 17. gxf4 Qh4 18. Na4 g5 19. fxg5 Bxd4 20. e3 Ba7 21. Nc5 e5 22. f4 Be6 23. Nxe6 Rxe6 24. Qxc4 Bxe3+ 25. Kh1 Rae8 26. Rd8 Kg7 27. Rxe8 Rxe8 28. Qd3 Bxf4 29. Qd7+ Kf8 30. Qxf5+ Kg8 31. Bh3 Qh5 32. Qd7 Qf7 33. Rd1 Bxg5 34. Qg4 Kh8 35. Rd7 Qg6 36. Rxb7 e4 37. Bf1 h5 38. Qg2 e3 39. h4 e2 40. Bxe2 Qb1+ 41. Qf1 Qe4+ 42. Qf3 Qxh4+ 43. Kg2 Rg8 44. Kf1 Bh6 45. Rf7 Bd2 46. Qxh5+ Qxh5 47. Bxh5 Bxb4 48. Rc7 Rg5 49. Be2 Rxa5 50. Rxc6 Rf5+ 51. Kg2 a5 52. Ra6 Kg7 53. Bd3 Rd5 54. Be4 Rd2+ 55. Kf3 Kf7 56. Bf5 Ke7 57. Ke4 Ra2 58. Kd5 a4 59. Bd3 a3 60. Bc4 Rd2+ 61. Ke5 Kd7 62. Ke4 Bc5 63. Be6+ Ke7 64. Bb3 Rd4+ 65. Ke5 Rd3 66. Bc4 Rd2 67. Ra5 Bd4+ 68. Kf5 Bb2 69. Bb3 Kd6 70. Ra8 Kc5 71. Ke4 Rd4+ 72. Kf5 Kb4 73. Be6 Kc3 74. Rc8+ Kd2 75. Ra8 Kc2 76. Rg8 Kb1 77. Rg1+ Bc1 78. Rg2 Rf4+ 79. Ke5 Rf1 80. Ba2+ Ka1 81. Bc4 Bb2+ 82. Ke4 Rc1 83. Bb3 a2 84. Re2 Kb1 85. Bxa2+ Kxa2 86. Kd5 Kb3 87. Rd2 Bc3 88. Rd3 Re1 89. Rh3 Kb4 90. Rh7 Re5+ 91. Kd6 Rg5 92. Rb7+ Kc4 93. Rc7+ Kd4 94. Kc6 Ba5 95. Rh7 Be1 96. Rh1 Rc5+ 97. Kb6 Ba5+ 98. Kb7 Kc4 99. Rc1+ Bc3 100. Rh1 Kb5 101. Rh6 Ba5 102. Rh7 Bb6 103. Rg7 Rd5 104. Rh7 Rd2 105. Rh5+ Bc5 106. Rh7 Ra2 107. Rd7 Ra6 108. Kc7 Rc6+ 109. Kb7 Bd6 110. Ka7 Ra6+ 111. Kb7 Bc5 112. Kc7 Rc6+ 113. Kb7 Rb6+ 114. Kc7 Ra6 115. Kb7 Bd6 116. Kc8 Kc5 117. Rb7 Kc6 118. Rc7+ Kd5 119. Rb7 Ke6 120. Rb5 Ra7 121. Rb6 Rc7+ 122. Kb8 Kd5 123. Ka8 Rd7 124. Ra6 Rd8+ 125. Kb7 Rb8+ 126. Ka7 Rb2 127. Ka8 Ke6 128. Rc6 Kd7 129. Rc4 Rb5 130. Ra4 Bc5 131. Ra6 Rb1 132. Rh6 Bd6 133. Rh7+ Kc6 134. Rb7 Bb4 1/2-1/2

[Event "1st Bangalore GM-Open-A 2024"]
[Site "Bangalore"]
[Date "2024.01.20"]
[Round "4.10"]
[White "Srihari L R"]
[Black "Aswath, S."]
[Result "1/2-1/2"]
[ECO "D45"]
[WhiteElo "2469"]
[BlackElo "2369"]
[Annotator "RC"]
[PlyCount "72"]
[EventDate "2024.01.20"]
[EventType "swiss"]
[EventCountry "IND"]
[SourceTitle "playchess.com"]
[Source "ChessBase"]
[SourceQuality "1"]
[TimeControl "5400+30"]

1. c4 e6 2. Nf3 d5 3. e3 Nf6 4. Nc3 c6 5. b3 Nbd7 6. Bb2 Bd6 7. d4 O-O 8. Qc2 e5 9. Be2 e4 10. Nd2 Re8 11. g4 Nf8 12. h3 h6 13. O-O-O Ng6 14. Rde1 Nh4 15. Rhg1 Bh2 16. Rh1 Bd6 17. Rhg1 Be6 18. Kb1 Rc8 19. c5 Bh2 20. Rh1 Bc7 21. Rhg1 Nh7 22. f4 exf3 23. Nxf3 Nxf3 24. Bxf3 Qh4 25. Bg2 Ng5 26. Ref1 Ba5 27. Ne2 Bd7 28. Bc1 b6 29. Nf4 bxc5 30. Qxc5 Bb6 31. Qc2 Ne4 32. Bxe4 Rxe4 33. Qf2 Qxf2 34. Rxf2 Rce8 35. Nd3 Bc8 36. Rc2 R4e6 1/2-1/2

[Event "1st Bangalore GM-Open-A 2024"]
[Site "Bangalore"]
[Date "2024.01.20"]
[Round "4.11"]
[White "Ilamparthi A R"]
[Black "Sarwat, Walaa"]
[Result "1-0"]
[ECO "C84"]
[WhiteElo "2426"]
[BlackElo "2175"]
[Annotator "RC"]
[PlyCount "135"]
[EventDate "2024.01.20"]
[EventType "swiss"]
[EventCountry "IND"]
[SourceTitle "playchess.com"]
[Source "ChessBase"]
[SourceQuality "1"]
[TimeControl "5400+30"]

1. e4 e5 2. Nf3 Nc6 3. Bb5 a6 4. Ba4 Nf6 5. O-O b5 6. Bb3 Be7 7. d3 O-O 8. a4 Bb7 9. c3 d6 10. Bg5 Na5 11. Ba2 c5 12. Nbd2 Nd7 13. Be3 Kh8 14. d4 cxd4 15. cxd4 exd4 16. Nxd4 Nc4 17. Nxc4 bxc4 18. Bxc4 Bxe4 19. Qe2 a5 20. Bd2 Bb7 21. Nf5 Ne5 22. Bb5 Bf6 23. Rad1 g6 24. Ne3 Bg7 25. Bc3 Qb6 26. Nd5 Qc5 27. b4 axb4 28. Bxb4 Qa7 29. Bxd6 Rfd8 30. Bxe5 Bxd5 31. Qb2 f5 32. Bxg7+ Qxg7 33. Qxg7+ Kxg7 34. Rxd5 Rxd5 35. Bc6 Raa5 36. Bxd5 Rxd5 37. Ra1 Ra5 38. Kf1 Kf6 39. Ke2 Ke5 40. Kd3 Kd5 41. Kc3 Kc6 42. Kd4 Rd5+ 43. Ke3 Re5+ 44. Kf3 Rc5 45. a5 Kb7 46. a6+ Ka7 47. Ra2 Rc4 48. g3 Rb4 49. Ke3 h5 50. h4 f4+ 51. gxf4 Rb3+ 52. Ke4 Rh3 53. f3 Rxh4 54. Rg2 Rh1 55. Rxg6 h4 56. Rh6 Ra1 57. Rxh4 Rxa6 58. Rh1 Ra4+ 59. Kf5 Kb6 60. Rc1 Ra8 61. Kg6 Ra3 62. f5 Rxf3 63. f6 Rg3+ 64. Kh7 Rh3+ 65. Kg7 Rg3+ 66. Kf8 Kb7 67. f7 Rg2 68. Re1 1-0

[Event "1st Bangalore GM-Open-A 2024"]
[Site "Bangalore"]
[Date "2024.01.20"]
[Round "4.12"]
[White "Mohamed Anees M"]
[Black "Tahbaz, Arash"]
[Result "1/2-1/2"]
[ECO "B01"]
[WhiteElo "2319"]
[BlackElo "2425"]
[Annotator "RC"]
[PlyCount "114"]
[EventDate "2024.01.20"]
[EventType "swiss"]
[EventCountry "IND"]
[SourceTitle "playchess.com"]
[Source "ChessBase"]
[SourceQuality "1"]
[TimeControl "5400+30"]

1. e4 d5 2. exd5 Qxd5 3. Nc3 Qa5 4. d4 Nf6 5. Nf3 c6 6. Bd2 Bf5 7. Bc4 Nbd7 8. Qe2 Qc7 9. O-O-O e6 10. Nh4 Bg6 11. Bb3 Bh5 12. f3 O-O-O 13. Kb1 Nb6 14. Bc1 Be7 15. g4 Bg6 16. Nxg6 hxg6 17. Ne4 Rd7 18. c3 Kb8 19. Nc5 Rdd8 20. Nd3 Nfd7 21. f4 c5 22. dxc5 Nxc5 23. Nxc5 Bxc5 24. Rxd8+ Rxd8 25. Qf3 a5 26. Qe4 Ka7 27. h4 Nd5 28. f5 gxf5 29. gxf5 Qc6 30. Re1 Rd6 31. a4 Bb6 32. Re2 Qd7 33. fxe6 Rxe6 34. Qf5 g6 35. Qh3 Qe8 36. Rxe6 fxe6 37. Qf3 Qg8 38. Bg5 Bd8 39. Qf2+ Bb6 40. Qf1 Qe8 41. Qd3 Qf7 42. Bc2 Nf4 43. Qe4 Bc7 44. Bxf4 Qxf4 45. Qxf4 Bxf4 46. Bxg6 Kb6 47. Be4 Kc7 48. Kc2 b6 49. Kd3 Kd6 50. Kd4 Ke7 51. b4 axb4 52. cxb4 Kf6 53. Kc4 Kg7 54. Kb5 Be3 55. a5 bxa5 56. bxa5 Kh6 57. Bf3 e5 1/2-1/2

[Event "1st Bangalore GM-Open-A 2024"]
[Site "Bangalore"]
[Date "2024.01.20"]
[Round "4.13"]
[White "Deepan Chakkravarthy J."]
[Black "Aakash Sharadchandra, Dalvi"]
[Result "1-0"]
[ECO "A06"]
[WhiteElo "2422"]
[BlackElo "2180"]
[Annotator "RC"]
[PlyCount "91"]
[EventDate "2024.01.20"]
[EventType "swiss"]
[EventCountry "IND"]
[SourceTitle "playchess.com"]
[Source "ChessBase"]
[SourceQuality "1"]
[TimeControl "5400+30"]

1. b3 d5 2. Bb2 Bf5 3. e3 e6 4. Nf3 c6 5. h3 Nd7 6. d3 h6 7. Nbd2 Ngf6 8. Qe2 Bh7 9. g4 a5 10. a4 b5 11. h4 Bg6 12. Bh3 bxa4 13. Rxa4 Nc5 14. Ra1 Nfd7 15. Nd4 e5 16. Nf5 Bxf5 17. gxf5 Bd6 18. Bg2 O-O 19. e4 Nf6 20. O-O Re8 21. Rfe1 Qb6 22. Kh1 Ncd7 23. Bc1 Bc5 24. Rf1 Bd4 25. Ra4 Bc3 26. Nb1 Bb4 27. Ra2 Kh7 28. Bf3 Bc5 29. Nc3 Bd4 30. Bd2 Nc5 31. Na4 Nxa4 32. Rxa4 Qd8 33. Kg2 Nd7 34. exd5 Nc5 35. dxc6 Nxa4 36. bxa4 Qxh4 37. Bd5 Qf6 38. Qh5 Re7 39. Rh1 Kg8 40. Qg6 e4 41. Qxf6 Bxf6 42. dxe4 Be5 43. Rb1 Rb8 44. Rxb8+ Bxb8 45. Bxa5 Ra7 46. Bb6 1-0

[Event "1st Bangalore GM-Open-A 2024"]
[Site "Bangalore"]
[Date "2024.01.20"]
[Round "4.14"]
[White "Karthikeyan, P.."]
[Black "Ritviz, Parab"]
[Result "0-1"]
[ECO "D38"]
[WhiteElo "2287"]
[BlackElo "2391"]
[Annotator "RC"]
[PlyCount "38"]
[EventDate "2024.01.20"]
[EventType "swiss"]
[EventCountry "IND"]
[SourceTitle "playchess.com"]
[Source "ChessBase"]
[SourceQuality "1"]
[TimeControl "5400+30"]

1. d4 Nf6 2. c4 e6 3. Nf3 d5 4. Nc3 Bb4 5. Qa4+ Nc6 6. e3 O-O 7. Bd2 Re8 8. a3 Bd6 9. Rd1 a6 10. h3 h6 11. c5 Bf8 12. b4 e5 13. dxe5 Nxe5 14. Nd4 Ne4 15. Nxe4 dxe4 16. Bc3 Bd7 17. Qc2 Qh4 18. g3 Qh5 19. Qxe4 Bc6 0-1

[Event "1st Bangalore GM-Open-A 2024"]
[Site "Bangalore"]
[Date "2024.01.20"]
[Round "4.15"]
[White "Audi Ameya"]
[Black "Pattnayak Nilsu"]
[Result "1-0"]
[ECO "E06"]
[WhiteElo "2385"]
[BlackElo "1987"]
[Annotator "RC"]
[PlyCount "131"]
[EventDate "2024.01.20"]
[EventType "swiss"]
[EventCountry "IND"]
[SourceTitle "playchess.com"]
[Source "ChessBase"]
[SourceQuality "1"]
[TimeControl "5400+30"]

1. Nf3 Nf6 2. c4 e6 3. g3 d5 4. Bg2 Be7 5. d4 O-O 6. Nc3 dxc4 7. Ne5 Nc6 8. Bxc6 bxc6 9. Nxc6 Qd6 10. Nxe7+ Qxe7 11. Qa4 Bb7 12. O-O c5 13. Qxc4 cxd4 14. Qxd4 e5 15. Qh4 Qe6 16. e4 h6 17. Be3 Kh7 18. f3 a5 19. g4 a4 20. a3 Ba6 21. Rf2 Bc4 22. Rd1 Bb3 23. Rd3 Bc4 24. Rdd2 Kg8 25. Rg2 Nh7 26. Qg3 f6 27. h4 Bb3 28. Qe1 Rad8 29. Kh2 Rfe8 30. Qf1 Qc6 31. Qb5 Qxb5 32. Nxb5 Nf8 33. Nd6 Re7 34. g5 Red7 35. Nf5 Rxd2 36. Bxd2 fxg5 37. hxg5 h5 38. Ne7+ Kf7 39. Nc6 Re8 40. Bc3 Ng6 41. Rd2 Rc8 42. Rd7+ Ke8 43. Rd6 Kf7 44. Rxg6 Kxg6 45. Ne7+ Kxg5 46. Bd2+ Kf6 47. Nxc8 Bd1 48. Kg3 h4+ 49. Kxh4 Bxf3 50. Nd6 Ke6 51. Bb4 Kf6 52. Kg3 Bd1 53. Bc3 Bb3 54. Nb7 Bc2 55. Nc5 g5 56. Kf3 Bd1+ 57. Kf2 Bc2 58. Ke3 g4 59. Nd7+ Kg5 60. Be1 Bb3 61. Nxe5 Be6 62. Nd3 Bb3 63. Nc5 Bd1 64. Bg3 Bc2 65. Kd2 Bb1 66. Kc1 1-0

[Event "1st Bangalore GM-Open-A 2024"]
[Site "Bangalore"]
[Date "2024.01.20"]
[Round "4.16"]
[White "Dere Pushkar"]
[Black "Tologon tegin, Semetei"]
[Result "1-0"]
[ECO "B07"]
[WhiteElo "2191"]
[BlackElo "2384"]
[Annotator "RC"]
[PlyCount "69"]
[EventDate "2024.01.20"]
[EventType "swiss"]
[EventCountry "IND"]
[SourceTitle "playchess.com"]
[Source "ChessBase"]
[SourceQuality "1"]
[TimeControl "5400+30"]

1. e4 c5 2. c3 d6 3. d4 Nf6 4. Bd3 g6 5. Nf3 cxd4 6. cxd4 Bg4 7. Nc3 Bg7 8. Qb3 Bxf3 9. gxf3 Nc6 10. Be3 Nd7 11. Ne2 Rb8 12. h4 b5 13. h5 Qb6 14. e5 dxe5 15. h6 Bf6 16. dxe5 Qa5+ 17. Bd2 Qd8 18. exf6 Nc5 19. Be4 Nxb3 20. Bxc6+ Kf8 21. axb3 Qb6 22. Be4 exf6 23. Bb4+ Kg8 24. Nc3 Re8 25. Nd5 Qe6 26. Kf1 f5 27. Rxa7 fxe4 28. Ne7+ Rxe7 29. Rxe7 Qc6 30. fxe4 Qc1+ 31. Kg2 Qg5+ 32. Kf3 Qf6+ 33. Kg4 Qc6 34. Rc1 f5+ 35. Kh3 1-0

[Event "1st Bangalore GM-Open-A 2024"]
[Site "Bangalore"]
[Date "2024.01.20"]
[Round "4.17"]
[White "Dhananjay S"]
[Black "Muthaiah AL"]
[Result "0-1"]
[ECO "B11"]
[WhiteElo "2151"]
[BlackElo "2464"]
[Annotator "RC"]
[PlyCount "50"]
[EventDate "2024.01.20"]
[EventType "swiss"]
[EventCountry "IND"]
[SourceTitle "playchess.com"]
[Source "ChessBase"]
[SourceQuality "1"]
[TimeControl "5400+30"]

1. e4 c6 2. Nf3 d5 3. Nc3 Bg4 4. h3 Bxf3 5. Qxf3 e6 6. Be2 g6 7. d4 Bg7 8. Be3 Ne7 9. O-O-O Nd7 10. g4 b5 11. Kb1 b4 12. Na4 dxe4 13. Qxe4 Nd5 14. Bd2 Qa5 15. b3 O-O 16. Qd3 Rab8 17. h4 Rfd8 18. h5 N7b6 19. Nc5 Nc3+ 20. Bxc3 bxc3 21. hxg6 hxg6 22. Qg3 e5 23. a4 exd4 24. Ne4 Nd5 25. Bc4 Qxa4 0-1